 Dungeon Crawl Stone Soup version 0.29-a0-520-gc852659d43 (console) character file.

Game seed: 2362650792518545017

39 myzie the Conjurer (level 3, -3/29 HPs)
             Began as a Mummy Wanderer on May 31, 2022.
             Slain by a gnoll
             ... wielding a +0 whip
              (6 damage)
             ... on level 2 of the Dungeon.
             The game lasted 00:03:52 (1618 turns).

myzie the Conjurer (Mummy Wanderer)                 Turns: 1618, Time: 00:03:52

Health: -3/29      AC:  4    Str: 16    XL:     3   Next: 26%
Magic:  1/5        EV: 11    Int: 11    God:
Gold:   45         SH:  0    Dex: 12    Spells: 3/4 levels left

rFire   x . .      SeeInvis .   a - +1 quarterstaff
rCold   + . .      Faith    .   (shield currently unavailable)
rNeg    + + +      Spirit   .   d - +0 leather armour
rPois   ∞          Reflect  .   (no helmet)
rElec   .          Harm     .   (no cloak)
rCorr   .          Rampage  .   b - +0 pair of gloves
Will    .....                   (no boots)
Stlth   +.........              (no amulet)
HPRegen 0.09/turn               (no ring)
MPRegen 0.09/turn               (no ring)

@: no status effects
A: cold resistance 1, negative energy resistance 3, torment resistance 2, heat
vulnerability 1, in touch with death 1, no potions
a: no special abilities


You were on level 2 of the Dungeon.
You visited 1 branch of the dungeon, and saw 2 of its levels.

You collected 45 gold pieces.

Inventory:

Hand Weapons
 a - a +1 quarterstaff (weapon)
 f - a +0 hand axe
Armour
 b - a +0 pair of gloves (worn)
 d - a +0 leather armour (worn)
Scrolls
 c - a scroll of silence


   Skills:
 - Level 3.0 Fighting
 + Level 0.6 Axes
 - Level 1.0 Staves
 - Level 1.0 Throwing
 - Level 1.5 Stealth
 - Level 1.3 Spellcasting
 - Level 3.2 Conjurations


You had 3 spell levels left.
You knew the following spells:

 Your Spells              Type           Power      Damage    Failure   Level
a - Shock                 Conj/Air       16%        1d4       21%         1

Your spell library contained the following spells:

 Spells                   Type           Power      Damage    Failure   Level
 Stone Arrow              Conj/Erth      8%         3d7       52%         3
 Sticky Flame             Conj/Fire      4%         2d3       89%         4


Dungeon Overview and Level Annotations

Branches:
Dungeon (2/15)

Altars:

Shops:
D:2 [


Innate Abilities, Weirdness & Mutations

You are immune to poison.
Your flesh is cold resistant. (rC+)
You are immune to negative energy. (rN+++)
You are immune to unholy pain and torment.
You are vulnerable to heat. (rF-)
You are in touch with the powers of death.
You do not drink.


Message History

Casting: Shock (safe; 21% risk of failure)
Confirm with . or Enter, or press ? or * to list all spells.
Aiming: Shock (safe; 21% risk of failure)
Press: ? - help, Shift-Dir - straight line You miscast Shock.
You are very lightly contaminated with residual magic.
Nothing appears to happen.
The gnoll hits you with a +0 whip.
You hit the gnoll but do no damage.
The gnoll is severely wounded.
The gnoll hits you but does no damage.
You closely miss the gnoll.
The gnoll is severely wounded.
The gnoll hits you with a +0 whip. x2
You barely miss the gnoll.
The gnoll is heavily wounded.
The gnoll closely misses you.
You closely miss the gnoll.
The gnoll is heavily wounded.
The gnoll shouts!
You hear a shout!
The gnoll hits you with a +0 whip.
You hit the gnoll.
The gnoll is heavily wounded.
The gnoll hits you with a +0 whip.
Your magical contamination has completely faded away.
You hit the gnoll.
The gnoll is almost dead.
The gnoll misses you. The gnoll barely misses you.
You hit the gnoll.
The gnoll is almost dead.
The gnoll hits you from afar with a +0 spear.
* * * LOW HITPOINT WARNING * * *
The gnoll hits you with a +0 whip.
* * * LOW HITPOINT WARNING * * *
As you read the scroll labelled ALAPHIAC XUICO, it crumbles to dust.
It is a scroll of enchant weapon.
Your +0 quarterstaff glows red for a moment.
The gnoll hits you from afar with a +0 spear.
* * * LOW HITPOINT WARNING * * *
The gnoll hits you with a +0 whip.
You die...

...##.#...........#...##
...## ###.##.#######.####
...# #..#.# #.≈≈≈## ...#
##.#.# ##≈≈≈≈≈# ...#
###.#.# #...∩≈≈# ...#
.....# ##.≈≈≈≈≈# ####
##.### ##...≈≈≈## # #....#
##.......##
#########....###@........#
..............gg.........+
#########....###.........#
# #)...# ##.......## ####
####.#..# ##.....##
.....#†......# ##...##
.......#.#...# ##+##
............##
.#.#...#.#..#


You could see 2 gnolls.

Vanquished Creatures
  A gnoll (D:1)
  A dart slug (D:2)
  An endoplasm (D:1)
  2 giant cockroaches
  2 goblins (D:1)
  2 hobgoblins (D:1)
  3 quokkas
  4 ball pythons (D:1)
  4 bats
  2 frilled lizards (D:1)
  4 kobolds
  A rat (D:1)
27 creatures vanquished.

Vanquished Creatures (others)
  43 plants
43 creatures vanquished.

Grand Total: 70 creatures vanquished

Notes
Turn   | Place    | Note
-------+----------+-------------------------------------------
     0 | D:1      | myzie the Mummy Wanderer began the quest for the Orb.
     0 | D:1      | myzie set off with the following items: a +0 quarterstaff,
                  | a +0 pair of gloves, a scroll of silence, a +0 leather
                  | armour; and the following spell memorised: Shock; and the
                  | following spells available to memorise: Stone Arrow, Sticky
                  | Flame
     0 | D:1      | Reached XP level 1. HP: 15/15 MP: 2/2
   464 | D:1      | Reached XP level 2. HP: 22/22 MP: 0/4
   597 | D:1      | Found a faded altar of an unknown god.
  1239 | D:1      | Gained mutation: You are in touch with the powers of death.
                  | [Mummy growth]
  1239 | D:1      | Reached XP level 3. HP: 29/29 MP: 1/5
  1511 | D:2      | Found Esot's Antique Armour Emporium.
  1618 | D:2      | Slain by a gnoll

Illustrated notes

Levels and vault maps discovered:
D:1:      mrwooster_arrival_statue, layout_rooms,
          shapermc_ecumenical_altar_ellora, grunt_decor_clamped,
          serial_bayou_pond_c, chequers_serial_rivers_micro_e,
          minmay_tree_intersection, serial_bayou_pond_e, nrook_mini_vaults
D:2:      layout_loops_corners, serial_shops, nicolae_shop_waterfront,
          serial_glass, glass_columns_a, glass_columns_c, glass_columns_b,
          glass_columns_a, glass_columns_a, hangedman_feature_mirror,
          kennysheep_big_empty_room, serial_bayou_lagoon_a,
          dreamdust_princess_corridor, st_stairs_13, uniq_terence, uniq_jessica

Skill      XL: |  1  2 |
---------------+-------+-----
Fighting       | 2 3 |  3.0
Axes           | |  0.6
Staves         | |  1.0
Throwing       | |  1.0
Stealth        | |  1.5
Spellcasting   | |  1.3
Conjurations   | |  3.2

Action                   || total
-------------------------++-------
Melee: Quarterstaff      ||    62
 Cast: Shock             ||    31
  Use: Scroll            ||     1
 Stab: Sleeping          ||     1
Armor: Leather armour    ||    20
Dodge: Dodged            ||    30

Table legend: (Time is in decaauts)
 A = Elapsed time spent in this place.
 B = Non-inter-level travel time spent in this place.
 C = Inter-level travel time spent in this place.
 D = Time resting spent in this place.
 E = Time spent auto-exploring this place.
 F = Levels seen in this place.
 G = Mean time per level.
                   A        B        C        D        E       F      G
               +--------+--------+--------+--------+--------+-----+--------+
         Total |   1641 |   1572 |     69 |    545 |    615 |   2 |  820.5 |
       Dungeon |   1641 |   1572 |     69 |    545 |    615 |   2 |  820.5 |
               +--------+--------+--------+--------+--------+-----+--------+

Top non-repeatable levels by time:
     D:1: 1368 daAuts
     D:2: 273 daAuts
